[Event "Wednesday Jan 24 Engine Tour 15 Rd Swiss 12m+1s Starts at 1600hrs ST"]
[Site "Infinity Chess"]
[Date "2018.1.24"]
[Round "3"]
[White "Dinkelberger"]
[Black "hafaba"]
[Result "1-0"]
[ECO "B00"]
[WhiteElo "2392"]
[BlackElo "2425"]
[WhiteEngine "stockfish_18011309_x64_modern_CTG"]
[BlackEngine "Stockfish SL FA POPCNT_CTG"]
[EventType "Swiss"]
[WhiteTeam ""]
[BlackTeam ""]
[PlyCount "197"]
[TimeControl "720+1"]

1. e4 Nc6 2. d4 d5 3. e5 Bf5 4. c3 e6 5. Be2 f6 6. f4 g5 7. Nf3 g4 8. Nh4 Bxb1 
9. Rxb1 fxe5 10. g3 exd4 11. Bxg4 Qe7 12. Bh5+ Kd7 13. O-O Nf6 14. Bf3 Re8 
15. cxd4 Kc8 16. b4 Qd7 17. b5 Ne7 18. Bg2 Ne4 19. Rb3 Bg7 20. g4 Qd6 21. a4 Qb6 
22. Be3 Nd6 23. Kh1 Rhf8 24. Bg1 Ng6 25. Nxg6 hxg6 26. Rc3 Bh6 27. Qc1 Kb8 
28. Rh3 Bg7 29. Qc2 Nc4 30. Qd3 Nd6 31. Rh7 Rg8 32. h3 Qa5 33. Qc2 Bh8 
34. Rb1 Rc8 35. Re7 Rge8 36. Rxe8 Rxe8 37. Bf1 Rf8 38. Be3 Bf6 39. Bd3 Bh4 
40. Rc1 Rc8 41. Bxg6 Nc4 42. Bg1 Qb4 43. Bd3 Qa3 44. g5 c6 45. Qc3 Qf8 
46. Bh2 cxb5 47. axb5 Ka8 48. Be2 Bf2 49. Bg4 Be3 50. Rc2 Nd6 51. Qd3 Rxc2 
52. Qxc2 Nxb5 53. Qe2 Bxf4 54. Qf1 Bd6 55. Qxb5 Bxh2 56. Kxh2 a6 57. Qe2 Qf4+ 
58. Kg2 Qxg5 59. Qe5 Qd2+ 60. Kg3 a5 61. Bxe6 a4 62. h4 Qd3+ 63. Kf4 Qd2+ 
64. Kg4 Qg2+ 65. Kh5 Qf2 66. Qxd5 Kb8 67. Qe5+ Ka8 68. Kg5 a3 69. h5 Qd2+ 
70. Qf4 Qa5+ 71. Qf5 Qd2+ 72. Kg6 a2 73. Qf8+ Ka7 74. Qa3+ Kb8 75. Qxa2 Qxd4 
76. Qh2+ Ka7 77. h6 Qe4+ 78. Kf6 Qf3+ 79. Bf5 Qc6+ 80. Kg7 Qc3+ 81. Kf7 Qb3+ 
82. Kf6 Qa3 83. Qe5 Qf8+ 84. Kg6 Qg8+ 85. Kh5 Qf7+ 86. Kh4 Qc4+ 87. Be4 Qc1 
88. h7 Qe1+ 89. Kh5 Qe2+ 90. Kh6 Qe3+ 91. Kg7 Qg1+ 92. Bg6 Qh1 93. Qa5+ Kb8 
94. h8=Q+ Qxh8+ 95. Kxh8 Kc8 96. Bf5+ Kb8 97. Qb6 Ka8 98. Bc8 Kb8 99. Qxb7# 1-0

[Event "Wednesday Jan 24 Engine Tour 15 Rd Swiss 12m+1s Starts at 1600hrs ST"]
[Site "Infinity Chess"]
[Date "2018.1.24"]
[Round "3"]
[White "BraveDevil"]
[Black "Satria_Ungu"]
[Result "1/2-1/2"]
[ECO "C77"]
[WhiteElo "2393"]
[BlackElo "2392"]
[WhiteEngine "Cryptic AIL V2"]
[BlackEngine "Houdini 6"]
[EventType "Swiss"]
[WhiteTeam ""]
[BlackTeam ""]
[PlyCount "126"]
[TimeControl "720+1"]

1. e4 e5 2. Nf3 Nc6 3. Bb5 a6 4. Ba4 Nf6 5. O-O Be7 6. Re1 b5 7. Bb3 O-O 
8. a4 b4 9. d3 d6 10. a5 Be6 11. Bxe6 fxe6 12. Nbd2 Rb8 13. Nb3 Qc8 14. d4 Nd7 
15. Qd3 exd4 16. Nbxd4 Nxd4 17. Nxd4 Nc5 18. Qe2 Qb7 19. e5 dxe5 20. Qxe5 Bd6 
21. Qe2 Rf6 22. Be3 Rbf8 23. Nf3 Qd5 24. h3 Qh5 25. Bxc5 Bxc5 26. Rad1 b3 
27. Rd3 bxc2 28. Qxc2 Bd6 29. Qc4 Qxa5 30. Rxe6 Qc5 31. Qb3 Rxe6 32. Qxe6+ Kh8 
33. Qe2 Qc1+ 34. Rd1 Qc6 35. Rd3 Qc1+ 36. Rd1 Qc6 37. Re1 Bb4 38. Ra1 a5 
39. Qd3 Re8 40. b3 h6 41. Rd1 Qd6 42. Qc2 Qe6 43. Rd4 Bd6 44. Kf1 Qf6 
45. Qd1 Bc5 46. Rd5 Qb6 47. Ng5 Bxf2 48. Rd8 Qe3 49. Nf7+ Kg8 50. Nxh6+ gxh6 
51. Rxe8+ Qxe8 52. Qd5+ Qf7 53. Qxf7+ Kxf7 54. Kxf2 Kf6 55. Ke3 Kf5 56. g3 c5 
57. Kd3 Ke5 58. Kc4 Ke4 59. Kxc5 Kf3 60. Kb5 Kxg3 61. Kxa5 h5 62. b4 Kxh3 
63. b5 Kg2 1/2-1/2

[Event "Wednesday Jan 24 Engine Tour 15 Rd Swiss 12m+1s Starts at 1600hrs ST"]
[Site "Infinity Chess"]
[Date "2018.1.24"]
[Round "3"]
[White "Thinker"]
[Black "star99"]
[Result "1/2-1/2"]
[ECO "C58"]
[WhiteElo "2423"]
[BlackElo "2419"]
[WhiteEngine "BrainFish_180113_x64_modern_CTG"]
[BlackEngine "Cryptic AIL V2"]
[EventType "Swiss"]
[WhiteTeam ""]
[BlackTeam ""]
[PlyCount "107"]
[TimeControl "720+1"]

1. e4 e5 2. Nf3 Nc6 3. Bc4 Nf6 4. Ng5 d5 5. exd5 Na5 6. Bb5+ c6 7. dxc6 bxc6 
8. Qf3 Be7 9. Bd3 O-O 10. Nc3 Rb8 11. O-O Rb4 12. Qd1 c5 13. b3 Bb7 14. Re1 Rf4 
15. Rb1 Rxf2 16. Kxf2 Qd4+ 17. Re3 Ng4+ 18. Kg1 Bxg5 19. Qe1 e4 20. Bf1 Nc6 
21. Nd1 Nxe3 22. dxe3 Qd6 23. Nf2 Re8 24. Ba3 Nb4 25. Rd1 Qh6 26. Bxb4 cxb4 
27. Qxb4 Bxe3 28. Qxb7 Qf6 29. Kh1 Bxf2 30. Qd7 Rf8 31. Qg4 Qe5 32. Bc4 Bb6 
33. g3 h5 34. Qg6 e3 35. Qc6 Ba5 36. Be2 g6 37. Qd5 Qc7 38. c4 Bd2 39. Rf1 Bb4 
40. Rf6 Kh7 41. Qe4 Qd8 42. Ra6 Qd7 43. Qc6 Qd2 44. Qf3 Bc5 45. a3 Bxa3 
46. Rxa7 Kg8 47. Kg2 Bc5 48. Rb7 Ba3 49. Kh3 Qc3 50. Kg2 Qd2 51. Kh3 Bc5 
52. Kg2 Qe1 53. Kh3 Qd2 54. Kg2 1/2-1/2

[Event "Wednesday Jan 24 Engine Tour 15 Rd Swiss 12m+1s Starts at 1600hrs ST"]
[Site "Infinity Chess"]
[Date "2018.1.24"]
[Round "3"]
[White "ocirema"]
[Black "KULLANI"]
[Result "1/2-1/2 "]
[ECO "D11"]
[WhiteElo "2429"]
[BlackElo "2427"]
[WhiteEngine "stockfish_18012314_x64_modern_CTG"]
[BlackEngine "BrainFish_180113_x64_CTG"]
[EventType "Swiss"]
[WhiteTeam ""]
[BlackTeam ""]
[PlyCount "337"]
[TimeControl "720+1"]

1. d4 d5 2. c4 c6 3. Nf3 Nf6 4. e3 e6 5. Nc3 Nbd7 6. Qc2 Bd6 7. Bd3 dxc4 
8. Bxc4 O-O 9. O-O a6 10. Rd1 b5 11. Bd3 Qe7 12. Ne4 Nxe4 13. Bxe4 Nf6 
14. Bxc6 Qc7 15. Ne1 Rb8 16. h3 Bh2+ 17. Kh1 Bd6 18. e4 Bd7 19. Bxd7 Qxc2 
20. Nxc2 Nxd7 21. g4 Rfc8 22. Ne1 Nb6 23. Kg2 f6 24. Nd3 Kf7 25. Kf3 a5 
26. b3 Rc2 27. Bd2 a4 28. Ne1 Rcc8 29. Rdc1 Ra8 30. Nd3 g6 31. Rxc8 Rxc8 
32. Ke2 Ba3 33. bxa4 Nxa4 34. Rb1 Rc2 35. Kd1 Rxa2 36. Rxb5 Nb2+ 37. Nxb2 Rxb2 
38. Rxb2 Bxb2 39. Be3 Bc3 40. Kc2 Ba5 41. Kb3 Ke7 42. Kc4 Kd6 43. f3 Be1 
44. Bf4+ Ke7 45. Kc5 Bf2 46. g5 fxg5 47. Bxg5+ Kd7 48. Bf4 Bg1 49. Bb8 Bf2 
50. Be5 Bg1 51. Bg3 Be3 52. Bh4 Bg1 53. Bg3 Be3 54. Bh4 Bg1 55. Bf6 Be3 
56. Be5 Bg1 57. Bf4 Bf2 58. Bh2 h5 59. Bf4 Be1 60. Be5 Bc3 61. Bb8 Bb2 
62. d5 Bf6 63. Bf4 Be7+ 64. Kd4 Bf6+ 65. Be5 Be7 66. Bg3 Ba3 67. Bb8 Bf8 
68. Kc4 Bh6 69. Be5 Bg5 70. Bh2 Be3 71. Bg3 Bg5 72. Bh2 Bd8 73. Bf4 Ba5 
74. Kb5 Bd8 75. Kc5 Bh4 76. Bb8 Bf2+ 77. Kc4 Bh4 78. Kc5 Be7+ 79. Kc4 Ba3 
80. Be5 Bc1 81. Bh2 Ke7 82. d6+ Kd7 83. e5 Be3 84. Kd3 Bg5 85. Kc4 Be3 
86. Kd3 Bb6 87. Bf4 Bc5 88. Bg5 Bb4 89. Bh6 Bc5 90. Ke4 Bb4 91. Bf4 Be1 
92. Bg5 Bc3 93. Bf6 Bb4 94. Kd3 Ba3 95. Bg7 Bb2 96. Bf6 Bc1 97. Be7 Bf4 
98. Ke4 Bd2 99. Bh4 Bc1 100. Bf2 Bd2 101. Be3 Be1 102. Kf4 Bh4 103. Bd4 Kc6 
104. Ke4 Be1 105. Ba7 Bg3 106. Bd4 Kd7 107. Be3 Bh4 108. Kd4 Bg3 109. Ke4 Bh4 
110. Bc1 Bf2 111. Bg5 Bg3 112. Bf6 Kc6 113. Bg7 Kd7 114. Bf6 Be1 115. Kd4 Ba5 
116. Kc4 Bb6 117. Bh4 Be3 118. Bg3 Bc1 119. Kd3 Bg5 120. Ke2 Bd8 121. Kd2 Bg5+ 
122. Kc3 Be3 123. Bh2 Bb6 124. Kd3 Bd8 125. Bf4 Bb6 126. Bc1 Bd8 127. Bb2 Ba5 
128. Kd4 Be1 129. f4 Kc6 130. Bc3 Bf2+ 131. Ke4 Kd7 132. Bd4 Bh4 133. Be3 Bg3 
134. Bd4 Be1 135. Bc5 Bh4 136. Be3 Be1 137. Bc1 Bb4 138. Bb2 Ba5 139. Bc1 Bb4 
140. Kf3 Bc5 141. Be3 Bb4 142. Bf2 Ba5 143. Be3 Bc3 144. Ke4 Ba5 145. Kf3 Bb4 
146. Bd4 Be1 147. Ba1 Bd2 148. Bb2 Be1 149. Ke4 Bh4 150. Ba1 Be1 151. Bb2 Bg3 
152. Bc1 Bf2 153. Be3 Bh4 154. Bc5 Bg3 155. Bb4 Bh4 156. Kf3 Bd8 157. Ke4 Bb6 
158. Bc3 Bf2 159. Bd4 Be1 160. Kf3 Bb4 161. Bb6 Be1 162. Bc7 Bd2 163. Bb6 Be1 
164. Bf2 Bd2 165. Ke4 Bb4 166. Kd4 Bd2 167. Ke4 Bb4 168. Kd3 Ba3 169. Be3 
1/2-1/2

[Event "Wednesday Jan 24 Engine Tour 15 Rd Swiss 12m+1s Starts at 1600hrs ST"]
[Site "Infinity Chess"]
[Date "2018.1.24"]
[Round "3"]
[White "angriff"]
[Black "Dovahkiin"]
[Result "1/2-1/2"]
[ECO "D31"]
[WhiteElo "2430"]
[BlackElo "2431"]
[WhiteEngine "Stockfish SL FA POPCNT_CTG"]
[BlackEngine "BrainFish_180113_x64_modern_CTG"]
[EventType "Swiss"]
[WhiteTeam ""]
[BlackTeam ""]
[PlyCount "37"]
[TimeControl "720+1"]

1. d4 d5 2. c4 e6 3. Nc3 c6 4. e4 dxe4 5. Nxe4 Bb4+ 6. Bd2 Qxd4 7. Bxb4 Qxe4+ 
8. Be2 Na6 9. Ba5 b6 10. Qd6 Bd7 11. Bc3 f6 12. Rd1 O-O-O 13. Qa3 Kb7 14. Nf3 e5 
15. Rd2 Qb1+ 16. Bd1 Qe4+ 17. Be2 Qb1+ 18. Bd1 Qe4+ 19. Be2 1/2-1/2

[Event "Wednesday Jan 24 Engine Tour 15 Rd Swiss 12m+1s Starts at 1600hrs ST"]
[Site "Infinity Chess"]
[Date "2018.1.24"]
[Round "3"]
[White "Marsell"]
[Black "MarioDeMonti"]
[Result "1/2-1/2"]
[ECO "B90"]
[WhiteElo "2485"]
[BlackElo "2438"]
[WhiteEngine "asmFishW_2018-01-11_popcnt"]
[BlackEngine "stockfish_x64_bmi2_2018_01_13_CTG"]
[EventType "Swiss"]
[WhiteTeam ""]
[BlackTeam ""]
[PlyCount "114"]
[TimeControl "720+1"]

1. e4 c5 2. Nf3 d6 3. d4 cxd4 4. Nxd4 Nf6 5. Nc3 a6 6. Be3 e5 7. Nb3 Be6 
8. f3 h5 9. Qd2 Nbd7 10. Nd5 Bxd5 11. exd5 g6 12. Be2 Bg7 13. O-O b6 14. c4 O-O 
15. Rae1 Re8 16. Bf2 Qc7 17. Bd3 Kh7 18. a4 Bh6 19. Qd1 Rab8 20. Bh4 Kg7 
21. Re2 Rec8 22. Kh1 Ra8 23. Rc2 Rab8 24. h3 Re8 25. Nc1 Nc5 26. b4 Nxd3 
27. Qxd3 Nd7 28. Nb3 Kh7 29. Rd1 f5 30. Rg1 Qc8 31. Bf2 e4 32. fxe4 fxe4 
33. Qe2 e3 34. Be1 a5 35. Nd4 axb4 36. Bxb4 Nc5 37. Bxc5 dxc5 38. Ne6 Rxe6 
39. dxe6 Qxe6 40. g4 Rf8 41. Qg2 hxg4 42. Qxg4 Rf5 43. Re2 Bg5 44. h4 Bf4 
45. Reg2 Be5 46. Qxg6+ Qxg6 47. Rxg6 e2 48. R6g2 Bd4 49. Rxe2 Bxg1 50. Kxg1 Rf4 
51. Re7+ Kg6 52. Re2 Rxh4 53. Re6+ Kf5 54. Rxb6 Rxc4 55. a5 Ra4 56. Rb5 Ke4 
57. Rxc5 Ra1+ 1/2-1/2

[Event "Wednesday Jan 24 Engine Tour 15 Rd Swiss 12m+1s Starts at 1600hrs ST"]
[Site "Infinity Chess"]
[Date "2018.1.24"]
[Round "3"]
[White "RonWeasley"]
[Black "SkyPilot"]
[Result "1-0"]
[ECO "C53"]
[WhiteElo "2493"]
[BlackElo "2486"]
[WhiteEngine "BrainFish 130117_CTG"]
[BlackEngine "stockfish_x64_bmi2_2018_01_13_CTG"]
[EventType "Swiss"]
[WhiteTeam ""]
[BlackTeam ""]
[PlyCount "153"]
[TimeControl "720+1"]

1. e4 e5 2. Nf3 Nc6 3. Bc4 Bc5 4. c3 Nf6 5. d3 a6 6. Bg5 O-O 7. Nbd2 h6 
8. Bh4 d6 9. a4 Ba7 10. b4 g5 11. Nxg5 hxg5 12. Bxg5 Kg7 13. Qf3 Nb8 14. Nf1 Be6 
15. Ng3 Nbd7 16. Nh5+ Kg6 17. Nxf6 Nxf6 18. h4 Rg8 19. Rh3 Bg4 20. Bxf6 Qd7 
21. Rg3 Kh7 22. Rxg4 Qxg4 23. Ke2 Qxf3+ 24. Kxf3 Rg6 25. Bg5 Rf8 26. g4 Rxg5 
27. hxg5 Kg6 28. Rd1 b5 29. axb5 axb5 30. Bxb5 Kxg5 31. Bc6 Rb8 32. Kg3 f6 
33. Rh1 Kg6 34. Ra1 Bb6 35. Rd1 Ba7 36. f4 Kg7 37. f5 Be3 38. Kf3 Bf4 
39. Ra1 Rh8 40. Ra7 Rh3+ 41. Ke2 Rh2+ 42. Kd1 Rd2+ 43. Ke1 Kh6 44. Rxc7 Rc2 
45. b5 Be3 46. Kd1 Rxc3 47. Ke2 Bb6 48. Rb7 Bd4 49. Bd5 Rc2+ 50. Kd1 Rb2 
51. Rb8 Bc5 52. Kc1 Rb4 53. Rg8 Be3+ 54. Kd1 Kh7 55. Rf8 Rxb5 56. Rxf6 Bh6 
57. Rg6 Rb1+ 58. Ke2 Bg7 59. Rxd6 Bf8 60. Rf6 Bg7 61. Rf7 Kh6 62. g5+ Kxg5 
63. Rxg7+ Kf4 64. f6 Rb2+ 65. Kd1 Ke3 66. f7 Kxd3 67. Bc4+ Kxc4 68. f8=Q Rb1+ 
69. Kc2 Rb5 70. Rc7+ Kd4 71. Qd6+ Kxe4 72. Qd3+ Kf4 73. Rf7+ Kg5 74. Qf5+ Kh4 
75. Qh7+ Kg3 76. Qg6+ Kh4 77. Rh7# 1-0

[Event "Wednesday Jan 24 Engine Tour 15 Rd Swiss 12m+1s Starts at 1600hrs ST"]
[Site "Infinity Chess"]
[Date "2018.1.24"]
[Round "3"]
[White "incredible"]
[Black "miguello"]
[Result "1/2-1/2"]
[ECO "C53"]
[WhiteElo "2465"]
[BlackElo "2380"]
[WhiteEngine "Stockfish_x64_bmi2"]
[BlackEngine "stockfish_18012314_x64_modern_CTG"]
[EventType "Swiss"]
[WhiteTeam ""]
[BlackTeam ""]
[PlyCount "351"]
[TimeControl "720+1"]

1. e4 e5 2. Nf3 Nc6 3. Bc4 Bc5 4. c3 Nf6 5. d3 O-O 6. O-O d6 7. Bb3 a6 8. Re1 h6 
9. h3 Ba7 10. Nbd2 Nh5 11. Nf1 Qf6 12. Be3 Bxe3 13. Nxe3 Nf4 14. Kh2 Ne7 
15. d4 Neg6 16. d5 Bd7 17. Ng1 Qg5 18. g3 Nh5 19. Bc2 Nf6 20. Qd3 b5 21. a4 Nh7 
22. b4 Qf6 23. Qe2 Rfc8 24. a5 Qd8 25. Rad1 Nf6 26. f3 Rab8 27. Bb3 c5 
28. dxc6 Rxc6 29. Qa2 Qe8 30. Rd3 Be6 31. Red1 Qd7 32. Bxe6 fxe6 33. h4 Rd8 
34. Ng4 Qf7 35. Qe2 Nh5 36. Qe3 Kh7 37. Qf2 Nf6 38. Qe3 Kg8 39. Nxf6+ Qxf6 
40. Nh3 Qe7 41. Nf2 Nh8 42. Qd2 Nf7 43. Rc1 Rdc8 44. Ng4 h5 45. Nf2 Qf6 
46. Re1 Qh6 47. Ree3 Qf6 48. Re2 Qh6 49. Ree3 Qf6 50. Nh3 Qh6 51. Kg2 Rc4 
52. Qd1 R4c6 53. Qe1 Qf6 54. Qd2 Qh6 55. Qe2 Qf6 56. Qd2 Qh6 57. Qd1 Rd8 
58. Qc2 Rc7 59. Qd2 Rdc8 60. Qe1 Rc6 61. Qe2 Qf6 62. Qf2 Qh6 63. Qe1 Qf6 
64. Rd1 Qg6 65. Rb1 Rc4 66. Rd1 R4c6 67. Red3 Qh6 68. Kh2 Rc4 69. Re3 Rd8 
70. Rd2 Rc6 71. Rf2 Rc4 72. Rd2 Rc6 73. Red3 Rdc8 74. Ra2 Rc4 75. Re2 R8c6 
76. Kg2 Rc7 77. Ree3 R7c6 78. Qd1 Qf6 79. Qd2 Qe7 80. Qe1 Qc7 81. Ng5 Qe7 
82. Nh3 Kh8 83. Re2 Kg8 84. Kh2 Qc7 85. Ree3 g6 86. Kg2 Qe7 87. Qd2 Kg7 
88. Qe1 Rc8 89. Re2 Qc7 90. Ree3 Qe7 91. Qf2 R8c6 92. Qd2 Qc7 93. Qe1 Qd7 
94. Nf2 Rc8 95. Qd2 R8c6 96. Re2 Qc8 97. Nd1 Rc7 98. Kf1 Qd8 99. Kg2 Qc8 
100. Qe3 Qd8 101. Nf2 Qc8 102. Nd1 Qf8 103. Kh2 Kh7 104. Kh1 Qh6 105. Qb6 R4c6 
106. Qf2 Qc1 107. Ree3 Rd7 108. Kg2 d5 109. exd5 exd5 110. Re2 Qh6 111. Qe3 Qf8 
112. Nf2 Rcd6 113. Nh3 Qe8 114. Kh2 Kg7 115. Ng5 Re7 116. Qc5 Qd8 117. Nxf7 Kxf7 
118. Kg2 Kg7 119. Kf2 Kg8 120. Kg2 Kg7 121. Kg1 Kh7 122. Kh2 Kg7 123. Qe3 Qf8 
124. Qc5 Qd8 125. Kg1 Kf7 126. Red2 Red7 127. Qe3 Qf6 128. Re2 Re7 129. Qd2 Red7 
130. Qh6 Re7 131. Kg2 Kg8 132. Qd2 Qe6 133. Kg1 Kh7 134. Kg2 Kg7 135. Kh2 Re8 
136. Kg2 Rd7 137. Qg5 Rf7 138. Qd2 Rd7 139. Qg5 Rf7 140. Qe3 Kh7 141. Kh2 Rd7 
142. Qd2 Rd6 143. Qg5 Rd7 144. Qd2 Qc6 145. Qe3 Kg7 146. Kg2 Qf6 147. Red2 Qe6 
148. Qc5 Red8 149. Qe3 Re8 150. Qc5 Red8 151. Re2 Qf6 152. Rdd2 Rf8 153. Qe3 Re8 
154. Qg5 Qe6 155. Qe3 Qf7 156. Rd1 Qe6 157. Rdd2 Qf7 158. Rd1 Qe6 159. Qd2 Qc6 
160. Rde1 d4 161. cxd4 Rxd4 162. Qxd4 exd4 163. Rxe8 d3 164. Rd8 Qc2+ 
165. Kh3 Kf7 166. Rd7+ Kf8 167. Re6 Qf2 168. Rd8+ Kg7 169. Rxa6 Qf1+ 
170. Kh2 Qf2+ 171. Kh3 d2 172. Rad6 Qf1+ 173. Kh2 Qf2+ 174. Kh3 Qf1+ 
175. Kh2 Qf2+ 176. Kh3 1/2-1/2

[Event "Wednesday Jan 24 Engine Tour 15 Rd Swiss 12m+1s Starts at 1600hrs ST"]
[Site "Infinity Chess"]
[Date "2018.1.24"]
[Round "2"]
[White "Satria_Ungu"]
[Black "Dinkelberger"]
[Result "1/2-1/2"]
[ECO "E43"]
[WhiteElo "2392"]
[BlackElo "2392"]
[WhiteEngine "Houdini 6"]
[BlackEngine "stockfish_18011309_x64_modern_CTG"]
[EventType "Swiss"]
[WhiteTeam ""]
[BlackTeam ""]
[PlyCount "277"]
[TimeControl "720+1"]

1. d4 Nf6 2. c4 e6 3. Nc3 Bb4 4. e3 b6 5. Nf3 Bxc3+ 6. bxc3 Bb7 7. Bd3 O-O 
8. O-O Re8 9. Nd2 e5 10. f3 Nc6 11. d5 Ne7 12. Re1 d6 13. e4 Nd7 14. Nf1 Nc5 
15. Bc2 Bc8 16. Rb1 f5 17. exf5 Bxf5 18. Ng3 Bxc2 19. Qxc2 Rf8 20. Ne4 Nxe4 
21. Rxe4 Qd7 22. Bg5 h6 23. Be3 Qf5 24. Re1 Qg6 25. Qe2 Kh8 26. Rg4 Qh5 
27. Qd2 Qf5 28. Rh4 Ng6 29. Re4 Rf7 30. Qd1 Nf8 31. Rh4 Nd7 32. Qd2 Re8 
33. h3 Kg8 34. Rg4 Nf6 35. Rh4 Qg6 36. Kh2 Ref8 37. Rd1 Kh7 38. Re1 Nh5 
39. Kg1 a5 40. a4 Qf5 41. Qf2 Nf6 42. Qd2 Qg6 43. Kh2 Nh5 44. Kg1 Re8 
45. Qe2 Nf6 46. Kh2 Ref8 47. Qd2 Nd7 48. Qc1 Ra8 49. Rd1 Re8 50. Rg1 Ra8 
51. Rd1 Raf8 52. Re1 Rg8 53. Qd2 Nf6 54. Qe2 Nd7 55. Qd2 Nf6 56. Qe2 Re8 
57. Qd1 Rff8 58. Qc1 Nd7 59. Qd1 Kg8 60. Qc1 Qf5 61. Qd2 Rb8 62. Rg4 Nf6 
63. Rh4 Rbe8 64. Rf1 Qh7 65. Rg1 Qf5 66. Rf1 Nd7 67. Re1 Qh7 68. Rg4 Nf6 
69. Rh4 Qg6 70. Rc1 Qh7 71. Re1 Qg6 72. Rc1 Rd8 73. Rg1 Rd7 74. Ra1 Rdf7 
75. Rf1 Re8 76. Rg1 Kh7 77. Re1 Nd7 78. Qc1 Rd8 79. Re2 Rb8 80. Rf2 Rh8 
81. Qd2 Nf6 82. Re2 Re8 83. Re1 Ref8 84. Kg1 Nh5 85. Re4 Qf6 86. Qd1 Qf5 
87. Bd2 Nf6 88. R4e2 Nd7 89. Be3 g5 90. Qd2 Qg6 91. Rf2 Kg7 92. Rff1 Nf6 
93. Rd1 Nh5 94. Kh2 Kh7 95. Rde1 Nf4 96. Rd1 Qh5 97. Rde1 Kh8 98. Bg1 Qg6 
99. Re3 Nh5 100. Ree1 Kg7 101. Be3 Nf4 102. Rd1 Rf6 103. Rb1 h5 104. c5 bxc5 
105. Rb7 R8f7 106. g3 Qd3 107. Bxf4 Qxf1 108. Bxe5 Qxf3 109. Qxg5+ Kf8 
110. Bxf6 Qf2+ 111. Kh1 Rxf6 112. Rb8+ Ke7 113. Qg7+ Rf7 114. Qg5+ Qf6 
115. Qxf6+ Rxf6 116. Kg2 Rf5 117. c4 Re5 118. Kf3 Re1 119. Rc8 Kd7 120. Rh8 Rc1 
121. Rxh5 Rc3+ 122. Kf2 Rxc4 123. Rh7+ Kd8 124. g4 Rxa4 125. g5 Rf4+ 
126. Ke3 Rf8 127. h4 a4 128. g6 a3 129. g7 Re8+ 130. Kf4 a2 131. Rh8 a1=Q 
132. Rxe8+ Kxe8 133. g8=Q+ Ke7 134. Qh7+ Kd8 135. Qg8+ Kd7 136. Qe6+ Kd8 
137. Qg8+ Kd7 138. Qe6+ Kd8 139. Qg8+ 1/2-1/2

[Event "Wednesday Jan 24 Engine Tour 15 Rd Swiss 12m+1s Starts at 1600hrs ST"]
[Site "Infinity Chess"]
[Date "2018.1.24"]
[Round "2"]
[White "star99"]
[Black "BraveDevil"]
[Result "1/2-1/2"]
[ECO "D39"]
[WhiteElo "2420"]
[BlackElo "2392"]
[WhiteEngine "Cryptic AIL V2"]
[BlackEngine "Cryptic AIL V2"]
[EventType "Swiss"]
[WhiteTeam ""]
[BlackTeam ""]
[PlyCount "95"]
[TimeControl "720+1"]

1. d4 d5 2. c4 e6 3. Nc3 Nf6 4. Nf3 Bb4 5. Bg5 dxc4 6. e4 c5 7. Bxc4 h6 
8. Bxf6 Qxf6 9. O-O cxd4 10. Nb5 Qe7 11. Qxd4 O-O 12. Nxa7 Bc5 13. Nxc8 Rxc8 
14. Qd3 Nc6 15. Qe2 g5 16. h3 Qf6 17. Rac1 Bb6 18. g3 Qg7 19. Kg2 h5 20. Bb3 g4 
21. hxg4 hxg4 22. Nh2 Ne5 23. Rxc8+ Rxc8 24. Bd1 Qg6 25. b3 Kg7 26. a4 Rc3 
27. Nxg4 Nxg4 28. Qxg4 Qxg4 29. Bxg4 Rxb3 30. f4 Rb4 31. Bh5 Bc5 32. Rd1 Rxe4 
33. Rd7 Rxa4 34. Rxf7+ Kh6 35. Be2 e5 36. Bd3 e4 37. Bf1 b6 38. Rf6+ Kg7 
39. Re6 Kf7 40. Re5 Kf6 41. Kh3 Ra3 42. Rxe4 Bf2 43. Re2 Bxg3 44. Kg4 Ra1 
45. Rb2 Bxf4 46. Rf2 Ra4 47. Rxf4+ Rxf4+ 48. Kxf4 1/2-1/2

[Event "Wednesday Jan 24 Engine Tour 15 Rd Swiss 12m+1s Starts at 1600hrs ST"]
[Site "Infinity Chess"]
[Date "2018.1.24"]
[Round "2"]
[White "KULLANI"]
[Black "Thinker"]
[Result "1/2-1/2"]
[ECO "D31"]
[WhiteElo "2427"]
[BlackElo "2423"]
[WhiteEngine "BrainFish_180113_x64_CTG"]
[BlackEngine "BrainFish_180113_x64_modern_CTG"]
[EventType "Swiss"]
[WhiteTeam ""]
[BlackTeam ""]
[PlyCount "237"]
[TimeControl "720+1"]

1. d4 d5 2. c4 e6 3. Nc3 c6 4. Nf3 Nf6 5. Bg5 h6 6. Bxf6 Qxf6 7. e3 Nd7 
8. Be2 g6 9. O-O Bg7 10. e4 dxe4 11. Nxe4 Qf4 12. Qc2 f5 13. Ned2 c5 14. g3 Qc7 
15. Nh4 Bxd4 16. Nxg6 Rg8 17. Nh4 Nf6 18. Rad1 f4 19. Ne4 Qe5 20. Rxd4 cxd4 
21. Bd3 Nxe4 22. Bxe4 Rg7 23. Re1 Kf8 24. c5 Qf6 25. Ng6+ Kg8 26. Ne5 Rg5 
27. Nf3 Rg7 28. Qb3 Kh8 29. Qa4 Bd7 30. Qxd4 Qxd4 31. Nxd4 Rb8 32. b4 Re7 
33. Bg2 e5 34. Nf3 Rd8 35. Nh4 Kg7 36. Bxb7 Be6 37. Be4 Kf6 38. c6 Bxa2 
39. Nf5 Rc7 40. Nxh6 Be6 41. h4 fxg3 42. fxg3 Kg7 43. Nf5+ Bxf5 44. Bxf5 Rxc6 
45. Kg2 Rd2+ 46. Kh3 Rf2 47. Be4 Rb6 48. Bh1 Kf6 49. Ra1 a6 50. Be4 Rb2 
51. Bd3 R2xb4 52. Bxa6 e4 53. Kg4 Ke5 54. h5 Rb8 55. Ra5+ Kd4 56. h6 e3 
57. Be2 Rg8+ 58. Rg5 Kc3+ 59. Kh5 Rd8 60. Re5 Kd4 61. Re7 Rb2 62. Bf3 Rh2+ 
63. Kg5 Rg8+ 64. Rg7 Rf8 65. Bg4 Rh8 66. Rd7+ Kc3 67. Kf4 R2xh6 68. Re7 Rf6+ 
69. Kxe3 Rg8 70. Re4 Rfg6 71. Kf3 Kd3 72. Rb4 Kd2 73. Rd4+ Kc3 74. Rf4 R8g7 
75. Re4 Kc2 76. Rf4 Kc3 77. Re4 Rg5 78. Rf4 R7g6 79. Ra4 Kd3 80. Rf4 Kc3 
81. Ra4 Kd2 82. Rd4+ Kc1 83. Rc4+ Kb1 84. Rd4 Kc1 85. Rf4 Rg8 86. Rd4 R8g7 
87. Rf4 Kb2 88. Ra4 Re5 89. Kg2 Reg5 90. Kf3 Kc3 91. Re4 Rg8 92. Rf4 R8g7 
93. Ra4 Kd3 94. Ra3+ Kc2 95. Ra4 Kd3 96. Rf4 Kc3 97. Ra4 R7g6 98. Rf4 Rg8 
99. Re4 Rf8+ 100. Rf4 Rfg8 101. Re4 R5g6 102. Ra4 Kb3 103. Re4 Kc3 104. Ra4 Kb2 
105. Re4 Ka3 106. Rf4 Kb3 107. Re4 Ka3 108. Rc4 Kb2 109. Rf4 R8g7 110. Rd4 Kb3 
111. Re4 Kc3 112. Re3+ Kb4 113. Re4+ Kc5 114. Re5+ Kb6 115. Re4 Rg5 
116. Rb4+ Ka5 117. Rc4 Rg8 118. Rf4 Rc5 119. Bh3 1/2-1/2

[Event "Wednesday Jan 24 Engine Tour 15 Rd Swiss 12m+1s Starts at 1600hrs ST"]
[Site "Infinity Chess"]
[Date "2018.1.24"]
[Round "2"]
[White "Dovahkiin"]
[Black "ocirema"]
[Result "1/2-1/2"]
[ECO ""]
[WhiteElo "2431"]
[BlackElo "2429"]
[WhiteEngine "BrainFish_180113_x64_modern_CTG"]
[BlackEngine "stockfish_18012314_x64_modern_CTG"]
[EventType "Swiss"]
[WhiteTeam ""]
[BlackTeam ""]
[PlyCount "113"]
[TimeControl "720+1"]

1. e3 Nf6 2. d3 c5 3. d4 g6 4. Nf3 d5 5. Be2 Bg7 6. O-O O-O 7. dxc5 Qc7 8. a3 a5 
9. Bd2 Qxc5 10. Bc3 Bg4 11. Nbd2 Nc6 12. h3 Bxf3 13. Nxf3 b5 14. Bd4 Nxd4 
15. exd4 Qb6 16. c3 e6 17. Ne5 Rfc8 18. Re1 Ne4 19. Nd3 Rab8 20. Bf3 Nd6 
21. Qe2 Nc4 22. h4 Bf8 23. h5 b4 24. axb4 axb4 25. Bg4 bxc3 26. bxc3 Re8 
27. g3 Qb3 28. hxg6 hxg6 29. Ra7 Qxc3 30. Qf3 Nd6 31. Rxe6 Qxd4 32. Rxe8 Rxe8 
33. Rd7 Ra8 34. Nf4 Ra1+ 35. Kh2 Ra2 36. Kg2 f5 37. Nxd5 Ra5 38. Nf4 fxg4 
39. Qxg4 Qe4+ 40. f3 Qc2+ 41. Kh3 Nf7 42. Qxg6+ Qxg6 43. Nxg6 Bd6 44. f4 Kg7 
45. Ne7 Kf8 46. Nc8 Bb4 47. Rd4 Rb5 48. Na7 Rb6 49. Rd5 Kg7 50. Nb5 Nd6 
51. Nxd6 Bxd6 52. Kg4 Ba3 53. Rg5+ Kf6 54. Rf5+ Kg7 55. Rg5+ Kf6 56. Rf5+ Kg7 
57. Rg5+ 1/2-1/2

[Event "Wednesday Jan 24 Engine Tour 15 Rd Swiss 12m+1s Starts at 1600hrs ST"]
[Site "Infinity Chess"]
[Date "2018.1.24"]
[Round "2"]
[White "MarioDeMonti"]
[Black "angriff"]
[Result "1/2-1/2"]
[ECO "A40"]
[WhiteElo "2438"]
[BlackElo "2430"]
[WhiteEngine "stockfish_x64_bmi2_2018_01_13_CTG"]
[BlackEngine "Stockfish SL FA POPCNT_CTG"]
[EventType "Swiss"]
[WhiteTeam ""]
[BlackTeam ""]
[PlyCount "109"]
[TimeControl "720+1"]

1. d4 c6 2. e4 d5 3. e5 c5 4. dxc5 e6 5. a3 Bxc5 6. Nf3 Ne7 7. Bd3 Ng6 
8. O-O Qc7 9. Nbd2 Nc6 10. Nb3 Ncxe5 11. Nxc5 Qxc5 12. Nxe5 Nxe5 13. Be3 Qe7 
14. Be2 O-O 15. f4 Nc6 16. Bd3 b6 17. Qd2 e5 18. Bb5 exf4 19. Rxf4 Bb7 
20. b4 Ne5 21. Bd4 f6 22. Re1 Qc7 23. Qe3 Nc6 24. Qe6+ Kh8 25. Qf5 Nxd4 
26. Rxd4 a6 27. Bd3 g6 28. Qf2 Kg7 29. c4 Rad8 30. cxd5 Rxd5 31. Rxd5 Bxd5 
32. Bxa6 Ra8 33. Qe2 Qc3 34. Rd1 Qb3 35. Qe7+ Bf7 36. Rd6 Rxa6 37. Qxf6+ Kh6 
38. Qh4+ Kg7 39. Qf6+ Kh6 40. Qh4+ Kg7 41. Qd4+ Kh6 42. Qf4+ Kg7 43. Qe5+ Kh6 
44. Qf4+ Kg7 45. Qd4+ Kh6 46. Qd2+ Kh5 47. g4+ Kxg4 48. Rd4+ Kh5 49. Qe2+ Kh6 
50. Rh4+ Kg7 51. Qe5+ Kg8 52. Qb8+ Kg7 53. Qe5+ Kg8 54. Qb8+ Kg7 55. Qe5+ 
1/2-1/2